 Dungeon Crawl Stone Soup version 0.32-a0-481-g9ce6b883f8 (webtiles) character file.

Game seed: 2371648029218221936

4 GordonOverkill the Sneak (level 1, -12/18 HPs)
             Began as a Coglin Delver on Feb 26, 2024.
             Mangled by a sleepcap (13 damage)
             ... on level 5 of the Dungeon.
             The game lasted 00:00:59 (185 turns).

GordonOverkill the Sneak (Coglin Delver)             Turns: 185, Time: 00:01:00

Health: -12/18     AC:  5    Str: 12    XL:     1   Next: 70%
Magic:  1/1        EV:  2    Int:  9    God:
Gold:   12         SH:  0    Dex: 15    Spells: 0/0 levels left

rFire   + . .        a - +0 hand axe {Tochtli}
rCold   + . .        (no shield)
rNeg    . . .        b - +0 leather armour
rPois   +            (no helmet)
rElec   +            h - +1 cloak
rCorr   +            (no gloves)
SInv    .            (no boots)
Will    .....        (no amulet)
Stlth   ++           (ring unavailable)
HPRegen 0.23/turn    (ring unavailable)
MPRegen 0.07/turn

%: no passive effects
@: resistant, sleeping, hasted, revving
A: off-hand wielding, slow wielding, warmup strikes, no rings
a: no special abilities


You were on level 5 of the Dungeon.
You visited 1 branch of the dungeon, and saw 3 of its levels.

You collected 12 gold pieces.

Inventory:

Hand Weapons
 a - a +0 hand axe (weapon) {Tochtli}
Armour
 b - a +0 leather armour (worn)
 h - a +1 cloak (worn)
 j - a +0 scale mail
Wands
 g - a wand of digging (3)
Scrolls
 c - a scroll of fog
 d - a scroll of revelation
 e - a scroll of fear


   Skills:
 + Level 3.1 Fighting
 + Level 2.1 Axes
 + Level 1.9 Dodging
 + Level 4.1 Stealth


You couldn't memorise any spells.
You didn't know any spells.
Your spell library was empty.

Dungeon Overview and Level Annotations

Branches:
Dungeon (6/15)
 Temple: D:4-7

Altars:


Innate Abilities, Weirdness & Mutations

You can wield a second weapon in your off-hand.
It takes a long time for you to wield or remove held weapons.
Your first few attacks do less damage.
Your grasper-arms cannot wear rings.


Message History

h - a +1 cloak You start putting on your armour.
You continue putting on your +1 cloak. x4
You finish putting on your +1 cloak.
Found a clear potion.
Found 12 gold pieces and a flail.
A hound comes into view.
You see here a clear potion.
Found a scale mail.
You now have 12 gold pieces.
You see here a clear potion.
i - a clear potion A sleepcap comes into view.
You hear the slow rusting of a distant drain.
The sleepcap releases spores at you.
You see here a +0 scale mail.
j - a +0 scale mail The sleepcap closely misses you.
Okay, then.
Unknown command.
It was a potion of resistance.
You feel protected. The sleepcap barely misses you.
You feel yourself speed up. The sleepcap releases spores at you.
* * * LOW HITPOINT WARNING * * *
You hit the sleepcap.
The sleepcap is lightly damaged.
The sleepcap releases spores at you.
* * * LOW HITPOINT WARNING * * *
You hit the sleepcap but do no damage.
The sleepcap is lightly damaged.
The sleepcap barely misses you.
You hit the sleepcap but do no damage.
The sleepcap is lightly damaged.
The sleepcap releases spores at you.
* * * LOW HITPOINT WARNING * * *
You are engulfed in a cloud of soporific spores!
You fall asleep.
The sleepcap releases spores at you!
Ouch! That really hurt!
You die...

..###...# #......#
#....# #...#
###########....# #..##
##.....##..... #..
##.............
#..#####....^.........
###.....................
........................
#....................
#...@f...............
#.....................
........................
#
.##.####.#.......##.....
# #.. # #...####.##
##### ### .#... #..##
..# ..# ..... ....# #.##
.. #..... ##.## ..
.##.....#


You could see a sleepcap.

Vanquished Creatures
  An orc (D:4)
  A goblin (D:4)
  A hobgoblin (D:4)
3 creatures vanquished.

Notes
Turn   | Place    | Note
-------+----------+-------------------------------------------
     0 | D:5      | GordonOverkill the Coglin Delver began the quest for the
                  | Orb.
     0 | D:5      | Reached XP level 1. HP: 18/18 MP: 1/1
    12 | D:6      | Noticed a scorpion
    24 | D:5      | Noticed a howler monkey
   157 | D:5      | Noticed a hound
   171 | D:5      | Noticed a sleepcap
   185 | D:5      | Mangled by a sleepcap

Illustrated notes

Levels and vault maps discovered:
D:4:      layout_layer_cave, gammafunk_ghost_nasty_kobolds,
          nicolae_shop_self_help
D:5:      layout_rooms, serial_curves, eino_curves_01, eino_curves_04,
          cheibrodos_sewer_entry_drain, minmay_crossroads
D:6:      cheibrodos_two_vegetables, layout_basic,
          nicolae_gozag_cash_rules_everything_around_me,
          minmay_temple_entry_gardened_gates, gammafunk_ghost_icy,
          uniq_blork_the_orc

Action                     || total
---------------------------++-------
  Melee: Hand axe          ||    21
    Use: Potion            ||     2
 Armour: Leather armour    ||    17
  Dodge: Dodged            ||    16

Table legend: (Time is in decaauts)
 A = Elapsed time spent in this place.
 B = Non-inter-level travel time spent in this place.
 C = Inter-level travel time spent in this place.
 D = Time resting spent in this place.
 E = Time spent auto-exploring this place.
 F = Levels seen in this place.
 G = Mean time per level.
                   A        B        C        D        E       F      G
               +--------+--------+--------+--------+--------+-----+--------+
         Total |    188 |    188 |      0 |     49 |      0 |   3 |   62.7 |
       Dungeon |    188 |    188 |      0 |     49 |      0 |   3 |   62.7 |
               +--------+--------+--------+--------+--------+-----+--------+

Top non-repeatable levels by time:
     D:5: 105 daAuts
     D:4: 79 daAuts
     D:6: 3 daAuts
